 Dungeon Crawl Stone Soup version 0.27-a0-836-gfc908b8576 (webtiles) character file.

Game seed: 12108038270647030162

482 Lanoc the Charlatan (level 7, 0/46 HPs)
             Began as an Octopode Artificer on Apr 2, 2021.
             Slain by a wyvern (17 damage)
             ... on level 4 of the Dungeon.
             The game lasted 00:04:33 (4614 turns).

Lanoc the Charlatan (Octopode Artificer)            Turns: 4614, Time: 00:04:34

Health: 0/46       AC:  5    Str: 12    XL:     7   Next: 12%
Magic:  7/7        EV: 18    Int: 13    God:
Gold:   164        SH:  0    Dex: 14    Spells: 6/6 levels left

rFire    . . .     SeeInvis .   y - +4 spear
rCold    . . .     Faith    .   (no shield)
rNeg     . . .     Spirit   .   (helmet restricted)
rPois    .         Reflect  .   (no amulet)
rElec    .         Harm     .   k - +4 ring of protection
rCorr    .         Rampage  .   r - +4 ring of evasion
Will     .....                  (no ring)
Stlth    +++.......             (no ring)
HPRegen  0.15/turn              (no ring)
MPRegen  0.10/turn              (no ring)
                                (no ring)
                                (no ring)

@: no status effects
A: almost no armour, amphibious, 8 rings, camouflage 1, gelatinous body 1,
(nimble swimmer 1), tentacles
a: no special abilities


You were on level 4 of the Dungeon.
You visited 1 branch of the dungeon, and saw 4 of its levels.

You collected 164 gold pieces.

Inventory:

Hand Weapons
 y - a +4 spear (weapon)
Missiles
 x - a throwing net
Armour
 v - a +2 kite shield
Jewellery
 k - a +4 ring of protection (left tentacle)
 r - a +4 ring of evasion (right tentacle)
Wands
 b - a wand of iceblast (5)
 c - a wand of charming (11) (quivered)
 d - a wand of random effects (15)
 s - a wand of digging (4)
Scrolls
 e - 2 scrolls of immolation {unknown}
 g - a scroll of fear {unknown}
 h - 2 scrolls of noise {unknown}
 j - 2 scrolls of teleportation {unknown}
 l - a scroll of amnesia {unknown}
 m - a scroll of magic mapping {unknown}
 o - a scroll of acquirement {unknown}
 u - a scroll of identify {unknown}
Potions
 a - a potion of resistance {unknown}
 f - 3 potions of might {unknown}
 i - a potion of mutation {unknown}
 n - 2 potions of curing {unknown}
 q - a potion of lignification {unknown}
 t - a potion of heal wounds {unknown}


   Skills:
 + Level 3.5 Fighting
 + Level 4.2 Dodging
 - Level 1.3 Stealth
 * Level 6.5 Evocations


You had 6 spell levels left.
You didn't know any spells.
Your spell library was empty.

Dungeon Overview and Level Annotations

Branches:
Dungeon (4/15)
 Temple: D:4-7

Altars:
Kikubaaqudgha
Vehumet


Innate Abilities, Weirdness & Mutations

You cannot wear most types of armour.
You are amphibious.
You can wear up to eight rings at the same time.
Your skin changes colour to match your surroundings (Stealth+).
Your rubbery body absorbs attacks. (AC +1, EV +1)
((You are camouflaged near water. (Stealth+)))
You have tentacles for arms and can constrict up to eight enemies at once.


Message History

You have reached level 7!
Found a stone staircase leading up.
You open the door.
An endoplasm comes into view.
An endoplasm is nearby!
You reach to attack!
You hit the endoplasm.
The endoplasm is heavily wounded.
You hit the endoplasm.
You kill the endoplasm!
No target in view!
No target in view!
A wyvern comes into view.
The wyvern hisses angrily.
You puncture the wyvern! Your squeeze misses the wyvern.
The wyvern is moderately wounded.
The wyvern closely misses you. The wyvern barely misses you.
You hit the wyvern.
The wyvern is moderately wounded.
The wyvern bites you.
You barely miss the wyvern.
The wyvern is moderately wounded.
The wyvern misses you. The wyvern bites you!
You hit the wyvern.
The wyvern is heavily wounded.
The wyvern misses you. The wyvern closely misses you.
You hit the wyvern.
The wyvern is heavily wounded.
The wyvern bites you!
You are too injured to fight recklessly!
You are too injured to fight recklessly!
You hit the wyvern.
The wyvern is heavily wounded.
The wyvern misses you. The wyvern closely misses you.
You hit the wyvern.
The wyvern is severely wounded.
The wyvern completely misses you. The wyvern bites you.
You hit the wyvern.
The wyvern is almost dead.
The wyvern bites you!
You die...

.#.# #........ #.#.###....
.#.##########.........#.#.#
#....
>+....................#.#.#
#....
.#.#########..........#.#.#
#....
.#.....######.........#.#.#
#####
.#.....'..###.........#'#'#
.#)....##.#................
.'.....##.#.#.##.l..# .....
.#.....##.#.#.##@...##.
.#.....##.#.#.......'...
.#.....##.#.#..#....####
.###...##.#.##.######
.###...##.#. .....
.......##.####..##
..).................
......####†........#
...................#


You could see a wyvern.

Vanquished Creatures
  A necrophage (D:4)
  A phantom (D:4)
  2 vampire bats (D:4)
  A jelly (D:4)
  A bullfrog skeleton (D:4)
  Ijyb (D:3)
  An iguana (D:4)
  2 gnolls (D:4)
  3 adders
  An ufetubus (D:2)
  4 dart slugs
  2 orcs (D:3)
  2 bat skeletons (D:4)
  4 bat zombies (D:4)
  6 endoplasms
  5 giant cockroaches
  4 goblins
  6 hobgoblins
  7 jackals
  2 quokkas
  5 ball pythons
  4 bats
  4 kobolds
  8 rats
77 creatures vanquished.

Vanquished Creatures (others)
  2 gnolls (D:4)
  A giant cockroach (D:3)
  A jackal (D:2)
4 creatures vanquished.

Grand Total: 81 creatures vanquished

Notes
Turn   | Place    | Note
-------+----------+-------------------------------------------
     0 | D:1      | Lanoc the Octopode Artificer began the quest for the Orb.
     0 | D:1      | Reached XP level 1. HP: 13/13 MP: 1/1
     2 | D:1      | Noticed a felid
     2 | D:1      | Noticed an ogre
     4 | D:1      | Noticed a human
     6 | D:1      | Noticed a naga
     6 | D:1      | Noticed a minotaur
     8 | D:1      | Noticed a spriggan
     8 | D:1      | Noticed a ghoul
    10 | D:1      | Noticed a dwarf
    10 | D:1      | Noticed a demonspawn
    12 | D:1      | Noticed a troll
    14 | D:1      | Noticed a gargoyle
    14 | D:1      | Noticed an octopode
    16 | D:1      | Noticed a palentonga
    16 | D:1      | Noticed a draconian
    18 | D:1      | Noticed a centaur
    18 | D:1      | Noticed a demigod
    20 | D:1      | Noticed an elf
    20 | D:1      | Noticed a barachi
    22 | D:1      | Noticed a tengu
    24 | D:1      | Noticed a vampire
    24 | D:1      | Noticed a merfolk
    26 | D:1      | Noticed a vine stalker
    26 | D:1      | Noticed a formicid
   411 | D:1      | Reached XP level 2. HP: 18/18 MP: 2/2
  1069 | D:1      | Reached skill level 4 in Evocations
  1069 | D:1      | Reached XP level 3. HP: 22/23 MP: 3/3
  2200 | D:3      | Reached XP level 4. HP: 26/29 MP: 4/4
  2413 | D:3      | Noticed Ijyb
  2430 | D:3      | Killed Ijyb
  2759 | D:3      | Found a radiant altar of Vehumet.
  3228 | D:3      | Reached XP level 5. HP: 35/35 MP: 5/5
  3547 | D:4      | Noticed a necrophage
  3558 | D:4      | Killed a necrophage
  3559 | D:4      | Reached skill level 5 in Evocations
  3565 | D:4      | Reached XP level 6. HP: 19/41 MP: 6/6
  3772 | D:4      | Found an ancient bone altar of Kikubaaqudgha.
  3892 | D:4      | Reached skill level 6 in Evocations
  4484 | D:4      | Reached XP level 7. HP: 40/46 MP: 7/7
  4604 | D:4      | Noticed a wyvern
  4614 | D:4      | Slain by a wyvern

Illustrated notes

Levels and vault maps discovered:
D:1:      kb_arrival_jail, layout_loops_ring, kennysheep_small_spiral
D:2:      layout_rooms
D:3:      layout_basic, fiery_altar_vehumet, grunt_ministairs_11, fountainhead,
          uniq_ijyb
D:4:      layout_basic, kennysheep_vampire_church

Skill      XL: |  1  2  3  4  5  6 |
---------------+-------------------+-----
Evocations     | 4 5 6 |  6.5
Dodging        | 3 4 |  4.2
Fighting       | 2 3 |  3.5
Stealth        | |  1.3

Action                   |  1- 3 |  4- 6 |  7- 9 || total
-------------------------+-------+-------+-------++-------
Melee: Club              |    68 |    26 |       ||    94
       Constrict         |    22 |    37 |       ||    59
       Tentacles         |    13 |    28 |       ||    41
       Dagger            |       |   111 |       ||   111
       Spear             |       |    15 |    10 ||    25
Evoke: Wand              |    13 |     6 |       ||    19
 Stab: Sleeping          |     7 |     7 |       ||    14
Armor: Skin              |     7 |    49 |       ||    56
Dodge: Dodged            |    61 |   112 |     8 ||   181

Table legend: (Time is in decaauts)
 A = Elapsed time spent in this place.
 B = Non-inter-level travel time spent in this place.
 C = Inter-level travel time spent in this place.
 D = Time resting spent in this place.
 E = Time spent auto-exploring this place.
 F = Levels seen in this place.
 G = Mean time per level.
                   A        B        C        D        E       F      G
               +--------+--------+--------+--------+--------+-----+--------+
         Total |   4641 |   4552 |     89 |      0 |   4011 |   4 | 1160.2 |
       Dungeon |   4641 |   4552 |     89 |      0 |   4011 |   4 | 1160.2 |
               +--------+--------+--------+--------+--------+-----+--------+

Top non-repeatable levels by time:
     D:1: 1604 daAuts
     D:3: 1418 daAuts
     D:4: 1125 daAuts
     D:2: 494 daAuts
